 Dungeon Crawl Stone Soup version 0.32-a0-913-g739538afd8 (webtiles) character file.

Game seed: 5775136461820885664

0 Esekla the Sneak (level 1, -1/19 HPs)
             Began as a Mountain Dwarf Delver on Apr 8, 2024.
             Succumbed to an adder's poison
             ... on level 5 of the Dungeon.
             The game lasted 00:00:09 (14 turns).

Esekla the Sneak (Mountain Dwarf Delver)              Turns: 14, Time: 00:00:09

Health: -1/19      AC:  3    Str: 14    XL:     1   Next: 0%
Magic:  1/1        EV: 10    Int: 10    God:
Gold:   0          SH:  0    Dex: 11    Spells: 0/0 levels left

rFire   . . .        a - +0 hand axe
rCold   . . .        (no shield)
rNeg    . . .        b - +0 leather armour
rPois   .            (no helmet)
rElec   .            (no cloak)
rCorr   .            (no gloves)
SInv    .            (no boots)
Will    .....        (no amulet)
Stlth   ++           (no ring)
HPRegen 0.23/turn    (no ring)
MPRegen 0.07/turn

%: no passive effects
@: lethally poisoned (-1 -> -12)
A: runic magic, artefact enchanting
a: no special abilities


You were on level 5 of the Dungeon.
You visited 1 branch of the dungeon, and saw 1 of its levels.

Inventory:

Hand Weapons
 a - a +0 hand axe (weapon)
Armour
 b - a +0 leather armour (worn)
Wands
 g - a wand of digging (3)
Scrolls
 c - a scroll of fog
 e - a scroll of fear
Potions
 f - a potion of haste


   Skills:
 + Level 3.2 Fighting
 + Level 2.4 Axes
 + Level 1.3 Dodging
 + Level 3.7 Stealth


You couldn't memorise any spells.
You didn't know any spells.
Your spell library was empty.

Dungeon Overview and Level Annotations

Branches:
Dungeon (5/15)
 Temple: D:4-7

Altars:


Innate Abilities, Weirdness & Mutations

Your spellcasting is much less encumbered by armour.
You can use scrolls of enchantment on lesser artefacts.


Message History

Welcome, Esekla the Mountain Dwarf Delver.
The fabulous Orb of Zot lies far below, as if waiting for you to find it.
Press ? for a list of commands and other information.
Found a stone staircase leading down.
An adder comes into view.
Found 12 gold pieces.
Found a stone staircase leading down.
The adder hisses angrily.
As you read the scroll of revelation, it crumbles to dust.
You feel aware of your surroundings. The adder closely misses you.
You barely miss the adder. The adder bites you.
You miss the adder. The adder barely misses you. The adder bites you.
You barely miss the adder. The adder bites you.
You are poisoned.
The adder poisons you!
You hit the adder.
The adder is heavily wounded.
You feel sick. The adder bites you.
You are lethally poisoned!
The adder poisons you! The adder misses you.
You hit the adder.
The adder is almost dead.
You feel very sick. The adder bites you but does no damage.
You miss the adder.
The adder is almost dead.
You feel sick. The adder bites you.
* * * LOW HITPOINT WARNING * * *
The adder bites you.
* * * LOW HITPOINT WARNING * * *
You are more poisoned.
The adder poisons you!
You hit the adder.
You kill the adder!
You die...

**,,********,,,,
###########....,,,,>,**,
############...,,,,,,,,,
############...,,******,
#.........##...,,,,* **,
#.>.......#####***,***,,
#............###**,,,*,,
######...###....,,,,,,,,
##...##@.....#.,,,,,,,*,
*#......†...#...,,,,,,,*,
*................,,,,,,*,
*...>........#...,,,,,,,,
*.$..........#.##*,,,,,,,
*#..........##..**,***,,,
##...##.....##.**,****,,
###########....,,,*,,,,,
****..#**,,,,,*,,


There were no monsters in sight!

Vanquished Creatures
  An adder (D:5)
1 creature vanquished.

Notes
Turn   | Place    | Note
-------+----------+-------------------------------------------
     0 | D:5      | Esekla the Mountain Dwarf Delver began the quest for the
                  | Orb.
     0 | D:5      | Reached XP level 1. HP: 19/19 MP: 1/1
    14 | D:5      | Succumbed to an adder's poison

Illustrated notes

Levels and vault maps discovered:
D:5:      lemuel_ice_spiral_2, layout_rooms, uniq_edmund

Action                     || total
---------------------------++-------
  Melee: Hand axe          ||     7
    Use: Scroll            ||     1
 Armour: Leather armour    ||     7
  Dodge: Dodged            ||     3

Table legend: (Time is in decaauts)
 A = Elapsed time spent in this place.
 B = Non-inter-level travel time spent in this place.
 C = Inter-level travel time spent in this place.
 D = Time resting spent in this place.
 E = Time spent auto-exploring this place.
 F = Levels seen in this place.
 G = Mean time per level.
                   A        B        C        D        E       F      G
               +--------+--------+--------+--------+--------+-----+--------+
         Total |     15 |     15 |      0 |      0 |      0 |   1 |   15.0 |
       Dungeon |     15 |     15 |      0 |      0 |      0 |   1 |   15.0 |
               +--------+--------+--------+--------+--------+-----+--------+

Top non-repeatable levels by time:
     D:5: 15 daAuts
